 Dungeon Crawl Stone Soup version 0.23-a0-642-g3120c2f5a9 (webtiles) character file.

103 kakafuego the Stinger (level 4, -4/30 HPs)
             Began as an Octopode Wanderer on Dec 31, 2018.
             Slain by a centaur (9 damage)
             ... on level 3 of the Dungeon.
             The game lasted 00:04:36 (3029 turns).

kakafuego the Stinger (Octopode Wanderer)           Turns: 3029, Time: 00:04:37

Health: -4/30      AC:  1    Str:  8    XL:     4   Next: 79%
Magic:  7/7        EV: 13    Int: 18    God:
Gold:   152        SH:  0    Dex: 11    Spells: 7/7 levels left

rFire    + . .     SeeInvis .   m - +2 short sword (flame)
rCold    + . .     Gourm    .   (no shield)
rNeg     . . .     Faith    .   (helmet restricted)
rPois    +         Spirit   .   (no amulet)
rElec    .         Reflect  .   q - ring of teleportation (curse)
rCorr    .         Harm     .   f - ring of protection from cold (curse)
MR       .....     Rnd*Tele +   s - ring of poison resistance
Stlth    ++........             u - ring of protection from fire
HPRegen  0.10/turn              (no ring)
MPRegen  0.10/turn              (no ring)
                                (no ring)
                                (no ring)

@: no status effects
A: almost no armour, stealthy swim, amphibious, 8 rings, constrict 8, camouflage
1, gelatinous body 1
a: no special abilities


You were on level 3 of the Dungeon.
You were hungry.

You visited 1 branch of the dungeon, and saw 3 of its levels.

You collected 152 gold pieces.

Inventory:

Hand Weapons
 b - a +2 blowgun
 h - a +0 short sword
 j - a +0 hunting sling
 m - a +2 short sword of flaming (weapon)
Missiles
 a - 4 curare-tipped needles {!f}
 g - 66 sling bullets
 i - 46 stones (quivered)
 p - 58 arrows
Armour
 y - a +0 shield
Jewellery
 f - a cursed ring of protection from cold (right tentacle)
 q - a cursed ring of teleportation (left tentacle)
 s - a ring of poison resistance (on tentacle)
 u - a ring of protection from fire (on tentacle)
Scrolls
 e - a scroll of remove curse {unknown}
 k - 2 scrolls of enchant weapon {unknown}
 n - a scroll of amnesia {unknown}
 t - a scroll of random uselessness {unknown}
 v - 3 scrolls of identify {unknown}
 w - 3 scrolls of teleportation {unknown}
Potions
 c - 3 potions of lignification
 l - a potion of curing {unknown}
 o - a potion of heal wounds {unknown}
 r - a potion of ambrosia {unknown}
 z - 2 potions of resistance {unknown}
 A - a potion of invisibility {unknown}
 B - 2 potions of might {unknown}
Comestibles
 d - 10 rations
 x - a chunk of flesh


   Skills:
 + Level 2.4 Fighting
 * Level 2.4 Short Blades
 - Level 1.0 Throwing
 + Level 2.5 Dodging
 - Level 1.0 Unarmed Combat
 - Level 2.0 Spellcasting
   Level 3.6 Poison Magic
   Level 1.1 Evocations


You had 7 spell levels left.
You didn't know any spells.
Your spell library was empty.

Dungeon Overview and Level Annotations

Branches:
Dungeon (3/15)

Altars:

Annotations:
D:3 exclusion: ice beast


Innate Abilities, Weirdness & Mutations

You cannot wear most types of armour.
You are very stealthy in the water. (Stealth+)
You are amphibious.
You can wear up to eight rings at the same time.
You can use your tentacles to constrict eight enemies at once.
Your skin changes colour to match your surroundings (Stealth+).
Your rubbery body absorbs attacks. (AC +1, EV +1)


Message History

The centaur is too close now for your liking.
The centaur unwields a +0 shortbow.
The centaur misses you.
You see here an arrow.
You are feeling hungry.
You closely miss the centaur. Your squeeze misses the centaur.
The centaur hits you. The centaur closely misses you.
You barely miss the centaur. The centaur hits you.
You hit the centaur. You burn the centaur. You squeeze the centaur.
The centaur barely misses you. The centaur hits you!
You hit the centaur. You burn the centaur.
The centaur hits you but does no damage.
You hit the centaur but do no damage. The centaur closely misses you.
The centaur misses you.
You hit the centaur. You burn the centaur.
You squeeze the centaur, but do no damage.
The centaur misses you.
You hit the centaur but do no damage. The centaur hits you!
* * * LOW HITPOINT WARNING * * *
The centaur hits you!
You die...

#### ### ### <#.#
##.###.#######.# .#.###
#....#.#.cY..?.# .#...#
#..#...#@#####.#
.#.#.####..#.#.#.###
.#.#.......#.#...#.#
...#..####.#.#...#.###.
.......#.........#...#.
.....#######.#...#.#.#Y
...........#.#...#.#.#.
##########.#.).......#.
#....#.###.###.


You could see an ice beast and a centaur.

Vanquished Creatures
  4 adders
  A gnoll (D:1)
  2 worms (D:2)
  A dart slug (D:1)
  2 leopard geckos
  An orc (D:3)
  3 giant cockroaches
  8 hobgoblins
  2 jackals (D:2)
  A ball python (D:1)
  3 bats
  2 frilled lizards
  5 goblins
  6 kobolds
  11 rats
52 creatures vanquished.

Notes
Turn   | Place    | Note
-------+----------+-------------------------------------------
     0 | D:1      | kakafuego the Octopode Wanderer began the quest for the
                  | Orb.
     0 | D:1      | kakafuego set off with the following items: 4 curare-tipped
                  | needles {!f}, a +2 blowgun, 2 potions of lignification, a
                  | ration
     0 | D:1      | Reached XP level 1. HP: 13/13 MP: 3/3
   386 | D:1      | Reached XP level 2. HP: 11/18 MP: 5/5
   672 | D:1      | Reached skill level 1 in Short Blades
   771 | D:1      | Reached XP level 3. HP: 15/23 MP: 6/6
  1972 | D:2      | Reached XP level 4. HP: 27/29 MP: 7/7
  2371 | D:3      | Noticed an ice beast
  3016 | D:3      | Noticed a centaur
  3029 | D:3      | Slain by a centaur

Vault maps used:
D:1:      roderic_dead_forest, minmay_ruptured

Skill      XL: |  1  2  3 |
---------------+----------+-----
Short Blades   | 1 2 |  2.4
Dodging        | 2 |  2.5
Fighting       | 2 |  2.4
Throwing       | |  1.0
Unarmed Combat | |  1.0
Spellcasting   | |  2.0
Poison Magic   | |  3.6
Evocations     | |  1.1

Action                   |  1- 3 |  4- 6 || total
-------------------------+-------+-------++-------
Melee: Unarmed           |    18 |       ||    18
       Short sword       |    60 |    44 ||   104
       Constrict         |    16 |    10 ||    26
       Tentacles         |     9 |     4 ||    13
       Punch             |     1 |     1 ||     2
 Fire: Blowgun           |     1 |       ||     1
  Use: Potion            |     1 |       ||     1
 Stab: Sleeping          |     3 |     5 ||     8
  Eat: Chunk             |     3 |     3 ||     6
Armor: Skin              |    17 |     4 ||    21
Dodge: Dodged            |    43 |    26 ||    69

Table legend:
 A = Non-vault XP
 B = Vault XP
 C = Vault XP percentage of total XP
 D = Non-vault monster count
 E = Vault monster count
 F = Vault count percentage of total count
                 A         B        C        D         E       F
            +---------+---------+-------+---------+---------+-------
      Total |     143 |       5 |   3.4 |      50 |       2 |   3.8
            +---------+---------+-------+---------+---------+-------
        D:1 |      38 |       5 |  11.6 |      18 |       2 |  10.0
        D:2 |      58 |       0 |   0.0 |      17 |       0 |   0.0
        D:3 |      47 |       0 |   0.0 |      15 |       0 |   0.0
            +---------+---------+-------+---------+---------+-------
